 Dungeon Crawl Stone Soup version 0.31-a0-166-g46f44d267d (webtiles) character file.

Game seed: 16930060904094607417

165 qw the Shooter (level 5, -1/32 HPs)
             Began as a Gargoyle Hunter on June 13, 2023.
             Slain by an orc
             ... wielding a +0 short sword
              (4 damage)
             ... on level 4 of the Dungeon.
             The game lasted 00:00:57 (2557 turns).

qw the Shooter (Gargoyle Hunter)                    Turns: 2557, Time: 00:00:58

Health: -1/32      AC:  9    Str: 15    XL:     5   Next: 46%
Magic:  0/5        EV: 11    Int:  9    God:
Gold:   121        SH:  0    Dex: 15    Spells: 4/4 levels left

rFire   . . .        Y - +0 arbalest
rCold   . . .        (shield currently unavailable)
rNeg    + . .        e - +0 ring mail
rPois   inf          (no helmet)
rElec   +            (no cloak)
rCorr   .            (no gloves)
SInv    .            (no boots)
Will    .....        d - amulet of guardian spirit
Stlth   +            (no ring)
HPRegen 0.25/turn    (no ring)
MPRegen 0.09/turn

%: guardian spirit
@: no status effects
A: sickness immunity, AC +4, negative energy resistance 1, electricity
resistance, torment resistance 1, petrification resistance
a: no special abilities


You were on level 4 of the Dungeon.
You visited 1 branch of the dungeon, and saw 4 of its levels.

You collected 121 gold pieces.


Innate Abilities, Weirdness & Mutations

You are immune to sickness and miasma.
Your stone body is resilient. (AC +4)
You are immune to poison.
You resist negative energy. (rN+)
You are resistant to electric shocks. (rElec)
You are resistant to unholy torment.
You are immune to petrification.


   Skills:
 + Level 3.0 Fighting
 - Level 6.1 Ranged Weapons
 - Level 1.0 Armour
 - Level 1.5 Dodging
 - Level 1.1 Stealth


You had 4 spell levels left.
You didn't know any spells.
Your spell library was empty.

Inventory:

Hand Weapons
 Y - a +0 arbalest (weapon)
Armour
 e - a +0 ring mail (worn)
Jewellery
 b - a ring of ice
 d - an amulet of guardian spirit (around neck)
Scrolls
 a - a scroll of amnesia {unknown}
 k - a scroll of identify
Potions
 g - a potion of attraction {unknown}
 h - a potion of resistance {unknown}

Dungeon Overview and Level Annotations

Branches:
Dungeon (4/15)
 Temple: D:4-7

Altars:
Elyvilon
Makhleb
Xom
Zin


Message History

The bolt hits the orc but does no damage.
The orc barely misses you. The orc hits you but does no damage. x2
The kobold hits you but does no damage. x2; The orc priest closely misses you.
The orc hits you but does no damage. The orc hits you with a +0 club.
The orc hits you but does no damage. The kobold hits you but does no damage.
You shoot a bolt.
The bolt hits the orc priest but does no damage.
The orc priest hits you with a +0 mace. The kobold barely misses you.
The orc barely misses you. The orc hits you with a +0 short sword.
The orc hits you with a +0 club. The kobold hits you but does no damage.
The orc hits you but does no damage.
The orc priest calls down the wrath of Beogh upon you.
Pain shoots through your body! The orc closely misses you.
The orc hits you but does no damage.
You shoot a bolt. The bolt hits the orc priest!
The orc priest is almost dead.
The kobold hits you but does no damage.
The orc priest hits you but does no damage.
The orc closely misses you.
An orc comes into view. It is wielding a +0 flail.
The orc hits you with a +0 club. The orc barely misses you.
The kobold hits you with a +2 dagger of speed.
The kobold hits you but does no damage. The orc priest hits you with a +0 mace.
The orc barely misses you. The orc hits you but does no damage.
The orc misses you.
The orc moves out of view.
You shoot a bolt. The bolt hits the orc priest!!
You kill the orc priest!
The kobold hits you with a +2 dagger of speed.
The orc barely misses you. x2; The orc misses you.
The kobold hits you with a +2 dagger of speed.
Your Ranged Weapons skill increases to level 6!
You shoot a bolt. The bolt closely misses the orc.
The kobold completely misses you. The orc hits you but does no damage. x2
The orc barely misses you. The kobold hits you but does no damage.
The orc hits you with a +0 short sword. The orc hits you with a +0 whip.
The orc barely misses you. The kobold closely misses you.
You shoot a bolt. The bolt barely misses the orc.
The kobold barely misses you. The orc misses you.
The orc hits you with a +0 short sword.
You die...

................#
....#...........#
....#..>.......
#...%.......
##........#
#.......<###
..#....)..#
#...o)o.##...
.....#..o@K......
....##......).)..
......)..........
.................
##....#..........
#.....###.......!
...... #....##..
...... #........
.##.. ......


You could see 3 orcs and a kobold.

Vanquished Creatures
  An orc priest (D:4)
  An orc wizard (D:4)
  An adder (D:3)
  2 river rats (D:3)
  2 dart slugs (D:1)
  A worm (D:3)
  An orc (D:3)
  10 ball pythons
  6 bats
  2 endoplasms
  5 giant cockroaches
  4 goblins
  3 hobgoblins (D:1)
  6 jackals
  7 quokkas
  2 frilled lizards (D:3)
  9 kobolds
  9 rats
72 creatures vanquished.

Notes
Turn   | Place    | Note
-------+----------+-------------------------------------------
     0 | D:1      | qw the Gargoyle Hunter began the quest for the Orb.
     0 | D:1      | Reached XP level 1. HP: 12/12 MP: 1/1
     0 | D:1      | 0 ||| qw: Version: 0.2-a-29-gc1b59c4
     0 | D:1      | 0 ||| qw: Game counter: 4830
     0 | D:1      | 0 ||| qw: Always use a shield: true
     0 | D:1      | 0 ||| qw: God list: Okawaru
     0 | D:1      | 0 ||| qw: Allow faded altars: false
     0 | D:1      | 0 ||| qw: Do Orc after D:15 true
     0 | D:1      | 0 ||| qw: Do second Lair branch before Depths: true
     0 | D:1      | 0 ||| qw: Lair rune preference: random
     0 | D:1      | 0 ||| qw: Plans: Normal, Zot:1-4, Slime:5, God:TSO, Crypt,
                  | Tomb, Abyss, Pan, Hells, Win
     0 | D:1      | 0 ||| PLANNING D:1-11
    68 | D:1      | Reached XP level 2. HP: 16/17 MP: 2/2
   429 | D:1      | Reached XP level 3. HP: 21/21 MP: 3/3
   540 | D:1      | Reached skill level 5 in Ranged Weapons
   635 | D:1      | 635 ||| FLEEEEING.
   784 | D:1      | 784 ||| UPGRADING to +0 ring mail.
   794 | D:1      | 794 ||| DROPPING +0 leather armour.
   795 | D:1      | 795 ||| DROPPING amulet of magic regeneration.
   796 | D:1      | 796 ||| READING scroll labelled WANGOO HOMO.
   797 | D:1      | 797 ||| READING scroll labelled PUIGRO KOCA.
   798 | D:1      | 798 ||| READING 2 scrolls labelled UCAMIA BIOTESU.
   799 | D:1      | 799 ||| DROPPING scroll of butterflies.
   833 | D:2      | 833 ||| STAIRDANCE
   876 | D:2      | Reached skill level 1 in Armour
  1212 | D:2      | Reached XP level 4. HP: 27/27 MP: 4/4
  1320 | D:2      | Reached skill level 3 in Fighting
  1394 | D:2      | Identified the +0 scale mail of Lugonu's Condemnation
                  | {Drain rElec rPois Str-2}
  1485 | D:2      | 1485 ||| READING scroll labelled IHAOSU DO VETH.
  1486 | D:2      | 1486 ||| READING scroll labelled ONNUTUL JIGOWK.
  1487 | D:2      | 1487 ||| READING 3 scrolls of identify.
  1487 | D:2      | 1487 ||| IDENTIFYING blue potion
  1488 | D:2      | 1488 ||| READING 2 scrolls of identify.
  1488 | D:2      | 1488 ||| IDENTIFYING purple potion
  1489 | D:2      | 1489 ||| DROPPING potion of degeneration.
  1490 | D:2      | 1490 ||| DROPPING potion of enlightenment.
  1518 | D:3      | 1518 ||| PLANNING SEWER
  1605 | D:3      | Found a burning altar of Makhleb.
  1651 | D:3      | 1651 ||| SWAPPING to +0 arbalest.
  1653 | D:3      | 1653 ||| DROPPING +0 shortbow.
  1854 | D:3      | Found a shimmering altar of Xom.
  1870 | D:3      | Found a glowing silver altar of Zin.
  1870 | D:3      | Noticed an angel
  1970 | D:3      | Found a white marble altar of Elyvilon.
  2082 | D:3      | 2082 ||| UPGRADING to amulet of guardian spirit.
  2227 | D:3      | 2227 ||| RIP SEWER
  2228 | D:3      | 2228 ||| PLANNING D:1-11
  2499 | D:3      | 2499 ||| READING scroll labelled KIQULU PUQASEO.
  2548 | D:4      | Reached XP level 5. HP: 32/32 MP: 5/5
  2556 | D:4      | Reached skill level 6 in Ranged Weapons
  2556 | D:4      | HP: 7/32 [orc/+0 short sword (3)]
  2556 | D:4      | HP: 3/32 [orc/+0 whip (4)]
  2557 | D:4      | Slain by an orc

Levels and vault maps discovered:
D:1:      dpeg_arrival_round_a, layout_loops_ring, dreamdust_princess_corridor
D:2:      layout_loops_cross
D:3:      layout_basic, zin_angel, elyvilon_altar_5,
          mainiacjoe_overflow_small_starburst,
          mainiacjoe_overflow_cross_hatched, gup_sewer_entry_bubbles
D:4:      layout_cave_pools, uniq_natasha, uniq_crazy_yiuf_cottage

Skill      XL: |  1  2  3  4  5 |
---------------+----------------+-----
Ranged Weapons | 5 6 |  6.1
Armour         | 1 |  1.0
Fighting       | 3 |  3.0
Dodging        | |  1.5
Stealth        | |  1.1

Action                     |  1- 3 |  4- 6 || total
---------------------------+-------+-------++-------
   Fire: Shortbow          |   115 |     8 ||   123
         Arbalest          |       |    71 ||    71
    Use: Scroll            |     3 |     5 ||     8
 Armour: Leather armour    |     8 |       ||     8
         Ring mail         |    19 |    49 ||    68
  Dodge: Dodged            |    51 |    52 ||   103

Table legend:
 A = Non-vault XP
 B = Vault XP
 C = Vault XP percentage of total XP
 D = Non-vault monster count
 E = Vault monster count
 F = Vault count percentage of total count
                 A         B        C        D         E       F
            +---------+---------+-------+---------+---------+-------
      Total |     200 |      37 |  15.6 |      64 |       8 |  11.1
            +---------+---------+-------+---------+---------+-------
        D:1 |      48 |       0 |   0.0 |      25 |       0 |   0.0
        D:2 |      37 |       0 |   0.0 |      22 |       0 |   0.0
        D:3 |      28 |      37 |  56.9 |      11 |       8 |  42.1
        D:4 |      87 |       0 |   0.0 |       6 |       0 |   0.0
            +---------+---------+-------+---------+---------+-------
